cohdb
Replays
Latest Replays
All Replays
Popular Replays
Top Player Replays
Match Explorer
How It Works
Community
CoH3 Stats
Reddit
Sign in to upload your games and track your stats! →
Sign in with Steam
Match 40637016
Unlisted
Match 40637016
Overview
Messages
Build Orders
End
Vickers Machine Gun Team
Construct Section Command Post
Selects Indian Artillery Battlegroup
Infantry Section
Infantry Section
Infantry Section
Construct Platoon Command Post
Selects Valour
Unlock M3 Stuart Light Tanks
Selects Artillery Saturation
M3 Stuart Light Tank
M3 Stuart Light Tank
Grenade Package
Selects Off-map Airburst Barrage
Selects Gurkha Rifles Section
6-pounder Anti-tank Gun Team
Selects Off-map Airburst Barrage
Off-map Airburst Barrage
Construct Company Command Post
Unlock M3 Grant Medium Tanks
ML 3-inch Mortar Team
Selects Pillage
ML 3-inch Mortar Team
M3 Grant Medium Tank
Selects BL5.5 Artillery Emplacement
snajper
Latimer
Valdai
Sailor
0
0
Comments
sign in to comment!
No comments posted yet!